cohdb
Replays
Latest Replays
All Replays
Popular Replays
Top Player Replays
Match Explorer
How It Works
Community
CoH3 Stats
Reddit
Sign in to upload your games and track your stats! →
Sign in with Steam
Match 39764637
Unlisted
Match 39764637
Overview
Messages
Build Orders
End
Royal Engineer Section
Construct Section Command Post
Dingo Light Scout Car
Infantry Section
Infantry Section
Construct Platoon Command Post
Selects Canadian Shock Battlegroup
Selects Incendiary Munitions
Humber Armored Car
Construct Field Infirmary
6-pounder Anti-tank Gun Team
RtN.momo4sho
Havoc
sharpshooter
bobik
0
0
Comments
sign in to comment!
No comments posted yet!